MapleLeafs vs Sabres

Created - 10 février 2021 at 20:17

Goals
1 2 3 T
MapleLeafs 0 1 1 2
Sabres 0 2 1 3
Shots
1 2 3 T
MapleLeafs 5 12 8 25
Sabres 17 12 15 44

1st period

No Goal

Penalties :
Adam Pelech (BUF) for Boarding (Minor) at 19:22

2nd period

1. MapleLeafs , Kyle Okposo 11 (Sebastian Aho 46, Ondrej Palat 14) at 4:44
2. Sabres , Elias Lindholm 28 (Rasmus Ristolainen 40, Ryan Nugent-Hopkins 38) at 16:19
3. Sabres , Kevin Fiala 14 (Rasmus Ristolainen 41, Tyler Seguin 22) at 19:24

Penalties :
No Penalty

3rd period

4. Sabres , Luke Glendening 7 (Jonathan Drouin 7, Adam Pelech 7) at 6:02
5. MapleLeafs , Ondrej Palat 13 (Jay Beagle 18) at 8:17

Penalties :
No Penalty

Goalie Stats

Braden Holtby (TOR), 41 saves from 44 shots - (0,932), L, 16-17-7, 59:48 minutes
Matt Murray (BUF), 23 saves from 25 shots - (0,920), W, 29-10-6, 60:00 minutes

Players Stats for MapleLeafs

Player Name              G  A  P  +/- PIM S  H  SB GA TA FO     MP     PP MP  PK MP  
------------------------------------------------------------------------------------
Anton Stralman           0  0  0   1  0   2  5  2  0  0  0/0    11:20   0:38   0:00 
Chris Tanev              0  0  0   0  0   1  3  1  0  0  0/0    19:55   0:00   0:00 
Cody Ceci                0  0  0  -1  0   0  2  0  0  0  0/0    24:16   0:00   0:00 
Dustin Brown             0  0  0  -1  0   2  1  0  0  0  0/4    23:07   0:00   0:00 
Jason Zucker             0  0  0  -1  0   5  0  0  0  0  0/4    16:53   0:44   0:00 
Jay Beagle               0  1  1   0  0   1  1  1  0  0  6/16   13:35   0:00   0:00 
Jesper Bratt             0  0  0   0  0   0  0  0  0  0  0/0     7:38   0:00   0:00 
Joel Armia               0  0  0   0  0   2  0  0  0  0  1/2    16:12   1:15   0:00 
Joel Edmundson           0  0  0  -1  0   0  2  0  0  0  0/0     3:38   1:21   0:00 
Kyle Okposo              1  0  1   0  0   2  0  1  0  0  2/2    19:57   0:00   0:00 
Matt Duchene             0  0  0   0  0   2  0  0  0  0  10/17  16:12   1:15   0:00 
Mike Matheson            0  0  0   0  0   0  2  3  0  0  0/0    21:23   1:21   0:00 
Ondrej Palat             1  1  2   0  0   3  3  0  0  0  0/2    20:32   1:15   0:00 
Radko Gudas              0  0  0   0  0   0  2  0  0  0  0/0    16:35   0:00   0:00 
Roope Hintz              0  0  0   0  0   1  0  0  0  0  0/0    14:57   0:00   0:00 
Ryan Murray              0  0  0  -1  0   1  1  1  0  0  0/0    22:53   0:38   0:00 
Sebastian Aho            0  1  1   1  0   2  0  0  0  0  9/20   10:46   0:44   0:00 
Tyler Johnson            0  0  0  -2  0   1  0  0  0  0  7/20   20:11   0:44   0:00 

Players Stats for Sabres

Player Name              G  A  P  +/- PIM S  H  SB GA TA FO     MP     PP MP  PK MP  
------------------------------------------------------------------------------------
Adam Pelech              0  1  1   1  2   0  5  2  0  0  0/0    16:27   0:00   0:00 
Dmitry Orlov             0  0  0   2  0   2  1  2  0  0  0/0    22:39   0:00   1:21 
Elias Lindholm           1  0  1   1  0   2  3  1  0  0  0/1    21:44   0:00   0:51 
Erik Gustafsson          0  0  0   1  0   0  0  0  0  0  0/0    17:06   0:00   0:38 
Jimmy Vesey              0  0  0   0  0   2  0  0  0  0  0/0     4:14   0:00   0:00 
Jonathan Drouin          0  1  1   1  0   3  0  0  0  0  0/0    13:33   0:00   0:00 
Kevin Fiala              1  0  1  -1  0   3  0  0  0  0  0/2    18:49   0:00   0:00 
Kris Letang              0  0  0  -2  0   1  2  0  0  0  0/0    22:47   0:00   1:21 
Lars Eller               0  0  0   1  0   4  3  1  0  0  14/22  15:13   0:00   1:08 
Leon Draisaitl           0  0  0   1  0   3  0  0  0  0  16/27  21:04   0:00   0:11 
Luke Glendening          1  0  1   1  0   3  1  0  0  0  0/0    15:05   0:00   1:00 
Michael Grabner          0  0  0   0  0   0  1  0  0  0  0/0     4:14   0:00   0:00 
Nic Dowd                 0  0  0   0  0   0  1  0  0  0  4/5     4:14   0:00   0:00 
Nikolaj Ehlers           0  0  0  -1  0   1  0  0  0  0  0/1    18:49   0:00   0:00 
Rasmus Dahlin            0  0  0  -2  0   0  1  0  0  0  0/0    20:15   0:00   0:00 
Rasmus Ristolainen       0  2  2   2  0   4  2  0  0  0  0/0    20:45   0:00   0:38 
Ryan Nugent-Hopkins      0  1  1   1  0   7  0  0  0  0  1/3    21:25   0:00   0:00 
Tyler Seguin             0  1  1  -1  0   9  4  1  0  0  17/26  19:37   0:00   0:48 

3 Stars

1 - Rasmus Ristolainen (BUF)
2 - Elias Lindholm (BUF)
3 - Ondrej Palat (TOR)

Power Play

MapleLeafs - 0 on 1 Attempt(s) - 0,00%
Sabres - 0 on 0 Attempt(s) - 0,00%

Penalty Kill

MapleLeafs - 0 on 0 Attempt(s) - 0,00% - Score 0 goal in Penalty Kill
Sabres - 1 on 1 Attempt(s) - 100,00% - Score 0 goal in Penalty Kill

Team Stat

MapleLeafs - Hits : 22 - Faceoff Wins : 35 - Blocked Shots : 9 - Penalty Minutes : 0
Sabres - Hits : 24 - Faceoff Wins : 52 - Blocked Shots : 7 - Penalty Minutes : 2

Official

Referees : TJ Luxmore and Brad Meier
Linesman : Brandon Gawryletz and Glen Cooke

Game Notes

Anton Stralman is injured at 11:22 of 2nd period (Bruised Left Foot)
Sebastian Aho is injured at 12:08 of 2nd period (Sprained Right Knee)

Finance

Level 1 -- Attendance: 6500 (100,00%) -- Ticket Income 845 000 $
Level 2 -- Attendance: 4733 (94,66%) -- Ticket Income 378 640 $
Level 3 -- Attendance: 3049 (87,11%) -- Ticket Income 182 940 $
Level 4 -- Attendance: 3021 (98,40%) -- Ticket Income 90 630 $
Luxury Box -- Attendance: 974 (97,40%) -- Ticket Income 224 020 $
Game was played at the Buffalo Pete Center.
Total Attendance: 18277 (95,84%)
Total Ticket Income: 1 721 230 $
Other Income: 843 403 $
Total Income: 2 564 633 $

% Time on Ice - MapleLeafs

Lines # - Real PCT - Wanted PCT - Time Play
Normal Forward
1 - 34% - 36% - 19:17
2 - 27% - 35% - 15:29
3 - 26% - 17% - 14:57
4 - 13% - 12% - 7:38
Normal Defense
1 - 35% - 42% - 20:02
2 - 41% - 33% - 23:33
3 - 24% - 25% - 13:46
4 - 0% - 0% - 0:00
PP Forward
1 - 37% - 56% - 0:44
2 - 63% - 44% - 1:15
PP Defense
1 - 68% - 56% - 1:21
2 - 32% - 44% - 0:38
PK Forward
1 - 0% - 64%
2 - 0% - 36%
PK Defense
1 - 0% - 60%
2 - 0% - 40%
PK3 Forward
1 - 0% - 68%
2 - 0% - 32%
PK3 Defense
1 - 0% - 60%
2 - 0% - 40%
44 Forward
1 - 0% - 60%
2 - 0% - 40%
44 Defense
1 - 0% - 60%
2 - 0% - 40%
Last Minute Offensive  - 0:40
Last Minute Defensive  - 0:00
Total
Forward - 60:00
Defense - 60:00

% Time on Ice - Sabres

Lines # - Real PCT - Wanted PCT - Time Play
Normal Forward
1 - 36% - 38% - 20:45
2 - 33% - 35% - 18:49
3 - 24% - 22% - 13:33
4 - 7% - 5% - 4:14
Normal Defense
1 - 35% - 38% - 20:07
2 - 34% - 35% - 19:27
3 - 29% - 22% - 16:28
4 - 2% - 5% - 1:19
PP Forward
1 - 0% - 55%
2 - 0% - 45%
PP Defense
1 - 0% - 55%
2 - 0% - 45%
PK Forward
1 - 60% - 60% - 1:11
2 - 40% - 40% - 0:48
PK Defense
1 - 68% - 60% - 1:21
2 - 32% - 40% - 0:38
PK3 Forward
1 - 0% - 60%
2 - 0% - 40%
PK3 Defense
1 - 0% - 60%
2 - 0% - 40%
44 Forward
1 - 0% - 60%
2 - 0% - 40%
44 Defense
1 - 0% - 60%
2 - 0% - 40%
Last Minute Offensive  - 0:00
Last Minute Defensive  - 0:40
Total
Forward - 60:00
Defense - 60:00

Play-by-Play

1st period


0:01 of 1st period - Sebastian Aho wins face-off versus Leon Draisaitl in neutral zone.
0:10 of 1st period - Shot by Sebastian Aho.
0:10 of 1st period - Shot Misses the Net.
0:26 of 1st period - Shot by Leon Draisaitl.
0:26 of 1st period - Stopped by Braden Holtby without a rebound.
0:27 of 1st period - Tyler Seguin wins face-off versus Jason Zucker in MapleLeafs zone.
0:30 of 1st period - Shot by Kevin Fiala.
0:30 of 1st period - Shot Misses the Net.
0:32 of 1st period - Shot by Kevin Fiala.
0:32 of 1st period - Shot Misses the Net.
0:34 of 1st period - Shot by Rasmus Ristolainen.
0:34 of 1st period - Stopped by Braden Holtby without a rebound.
0:35 of 1st period - Matt Duchene wins face-off versus Lars Eller in MapleLeafs zone.
0:43 of 1st period - Icing by Adam Pelech.
0:44 of 1st period - Lars Eller wins face-off versus Dustin Brown in Sabres zone.
2:19 of 1st period - Shot by Kevin Fiala.
2:19 of 1st period - Stopped by Braden Holtby without a rebound.
2:20 of 1st period - Matt Duchene wins face-off versus Leon Draisaitl in MapleLeafs zone.
2:54 of 1st period - Shot by Ryan Nugent-Hopkins.
2:54 of 1st period - Stopped by Braden Holtby with a rebound.
2:56 of 1st period - Shot by Ryan Nugent-Hopkins.
2:56 of 1st period - Stopped by Braden Holtby without a rebound.
2:57 of 1st period - Tyler Seguin wins face-off versus Jay Beagle in MapleLeafs zone.
3:17 of 1st period - Tyler Seguin is hit by Chris Tanev and loses puck.
4:10 of 1st period - Ondrej Palat is hit by Michael Grabner.
4:15 of 1st period - Icing by Anton Stralman.
4:16 of 1st period - Leon Draisaitl wins face-off versus Sebastian Aho in MapleLeafs zone.
4:36 of 1st period - Icing by Adam Pelech.
4:37 of 1st period - Leon Draisaitl wins face-off versus Tyler Johnson in Sabres zone.
4:39 of 1st period - Icing by Erik Gustafsson.
4:40 of 1st period - Leon Draisaitl wins face-off versus Tyler Johnson in Sabres zone.
4:51 of 1st period - Shot by Ryan Nugent-Hopkins.
4:51 of 1st period - Shot Misses the Net.
4:59 of 1st period - Shot by Dustin Brown.
4:59 of 1st period - Shot Misses the Net.
5:02 of 1st period - Tyler Johnson is hit by Adam Pelech and loses puck.
5:48 of 1st period - Shot by Tyler Seguin.
5:48 of 1st period - Shot Blocked by Chris Tanev.
5:50 of 1st period - Shot by Tyler Seguin.
5:50 of 1st period - Stopped by Braden Holtby without a rebound.
5:51 of 1st period - Lars Eller wins face-off versus Sebastian Aho in MapleLeafs zone.
6:00 of 1st period - Shot by Lars Eller.
6:00 of 1st period - Stopped by Braden Holtby with a rebound.
6:02 of 1st period - Shot by Dmitry Orlov.
6:02 of 1st period - Shot Misses the Net.
6:04 of 1st period - Shot by Lars Eller.
6:04 of 1st period - Deflect By Luke Glendening.
6:04 of 1st period - Shot Misses the Net.
6:22 of 1st period - Shot by Jonathan Drouin.
6:22 of 1st period - Shot Misses the Net.
6:24 of 1st period - Shot by Rasmus Ristolainen.
6:24 of 1st period - Deflect By Lars Eller.
6:24 of 1st period - Stopped by Braden Holtby without a rebound.
6:25 of 1st period - Tyler Seguin wins face-off versus Dustin Brown in MapleLeafs zone.
6:30 of 1st period - Shot by Kevin Fiala.
6:30 of 1st period - Shot Misses the Net.
6:57 of 1st period - Shot by Kevin Fiala.
6:57 of 1st period - Deflect By Tyler Seguin.
6:57 of 1st period - Stopped by Braden Holtby without a rebound.
6:58 of 1st period - Matt Duchene wins face-off versus Leon Draisaitl in MapleLeafs zone.
7:26 of 1st period - Shot by Ryan Nugent-Hopkins.
7:26 of 1st period - Stopped by Braden Holtby with a rebound.
7:28 of 1st period - Shot by Leon Draisaitl.
7:28 of 1st period - Shot Misses the Net.
7:52 of 1st period - Joel Armia is hit by Nic Dowd and loses puck.
8:05 of 1st period - Shot by Jimmy Vesey.
8:05 of 1st period - Stopped by Braden Holtby without a rebound.
8:06 of 1st period - Tyler Johnson wins face-off versus Nikolaj Ehlers in MapleLeafs zone.
8:11 of 1st period - Shot by Cody Ceci.
8:11 of 1st period - Shot Misses the Net.
8:13 of 1st period - Shot by Dustin Brown.
8:13 of 1st period - Shot Misses the Net.
8:21 of 1st period - Shot by Jason Zucker.
8:21 of 1st period - Stopped by Matt Murray without a rebound.
8:22 of 1st period - Sebastian Aho wins face-off versus Lars Eller in Sabres zone.
8:40 of 1st period - Icing by Anton Stralman.
8:41 of 1st period - Sebastian Aho wins face-off versus Tyler Seguin in MapleLeafs zone.
9:02 of 1st period - Shot by Anton Stralman.
9:02 of 1st period - Stopped by Matt Murray without a rebound.
9:03 of 1st period - Leon Draisaitl wins face-off versus Tyler Johnson in Sabres zone.
9:19 of 1st period - Shot by Cody Ceci.
9:19 of 1st period - Shot Blocked by Elias Lindholm.
9:34 of 1st period - Icing by Cody Ceci.
9:35 of 1st period - Tyler Seguin wins face-off versus Tyler Johnson in MapleLeafs zone.
9:36 of 1st period - Shot by Kevin Fiala.
9:36 of 1st period - Shot Blocked by Mike Matheson.
9:39 of 1st period - Icing by Cody Ceci.
9:40 of 1st period - Tyler Seguin wins face-off versus Tyler Johnson in MapleLeafs zone.
10:05 of 1st period - Shot by Tyler Seguin.
10:05 of 1st period - Stopped by Braden Holtby with a rebound.
10:07 of 1st period - Shot by Dmitry Orlov.
10:07 of 1st period - Stopped by Braden Holtby without a rebound.
10:08 of 1st period - Sebastian Aho wins face-off versus Leon Draisaitl in MapleLeafs zone.
10:33 of 1st period - Shot by Kyle Okposo.
10:33 of 1st period - Stopped by Matt Murray without a rebound.
10:34 of 1st period - Lars Eller wins face-off versus Matt Duchene in Sabres zone.
10:47 of 1st period - Shot by Luke Glendening.
10:47 of 1st period - Shot Misses the Net.
10:49 of 1st period - Shot by Luke Glendening.
10:49 of 1st period - Shot Misses the Net.
10:51 of 1st period - Shot by Rasmus Ristolainen.
10:51 of 1st period - Stopped by Braden Holtby without a rebound.
10:52 of 1st period - Jay Beagle wins face-off versus Tyler Seguin in MapleLeafs zone.
11:23 of 1st period - Shot by Kris Letang.
11:23 of 1st period - Stopped by Braden Holtby with a rebound.
11:25 of 1st period - Shot by Kevin Fiala.
11:25 of 1st period - Deflect By Nikolaj Ehlers.
11:25 of 1st period - Shot Misses the Net.
11:27 of 1st period - Shot by Tyler Seguin.
11:27 of 1st period - Stopped by Braden Holtby without a rebound.
11:28 of 1st period - Kyle Okposo wins face-off versus Leon Draisaitl in MapleLeafs zone.
11:38 of 1st period - Icing by Dmitry Orlov.
11:39 of 1st period - Joel Armia wins face-off versus Leon Draisaitl in Sabres zone.
12:02 of 1st period - Matt Duchene is hit by Rasmus Ristolainen and loses puck.
12:43 of 1st period - Shot by Dustin Brown.
12:43 of 1st period - Stopped by Matt Murray without a rebound.
12:44 of 1st period - Lars Eller wins face-off versus Sebastian Aho in Sabres zone.
12:44 of 1st period - Lars Eller is hit by Ondrej Palat.
14:17 of 1st period - Shot by Kevin Fiala.
14:17 of 1st period - Shot Misses the Net.
14:19 of 1st period - Shot by Adam Pelech.
14:19 of 1st period - Shot Blocked by Mike Matheson.
14:50 of 1st period - Matt Duchene is hit by Rasmus Ristolainen and loses puck.
15:38 of 1st period - Off-side.
15:39 of 1st period - Lars Eller wins face-off versus Sebastian Aho in neutral zone.
15:53 of 1st period - Icing by Anton Stralman.
15:54 of 1st period - Tyler Seguin wins face-off versus Sebastian Aho in MapleLeafs zone.
16:01 of 1st period - Shot by Kyle Okposo.
16:01 of 1st period - Shot Misses the Net.
16:23 of 1st period - Shot by Kyle Okposo.
16:23 of 1st period - Shot Misses the Net.
16:25 of 1st period - Shot by Sebastian Aho.
16:25 of 1st period - Stopped by Matt Murray without a rebound.
16:26 of 1st period - Leon Draisaitl wins face-off versus Jason Zucker in Sabres zone.
16:38 of 1st period - Ryan Nugent-Hopkins is hit by Cody Ceci and loses puck.
16:55 of 1st period - Shot by Dustin Brown.
16:55 of 1st period - Shot Misses the Net.
17:49 of 1st period - Joel Armia is hit by Adam Pelech and loses puck.
18:08 of 1st period - Shot by Nikolaj Ehlers.
18:08 of 1st period - Stopped by Braden Holtby without a rebound.
18:09 of 1st period - Sebastian Aho wins face-off versus Lars Eller in MapleLeafs zone.
18:15 of 1st period - Icing by Sebastian Aho.
18:16 of 1st period - Sebastian Aho wins face-off versus Lars Eller in MapleLeafs zone.
18:23 of 1st period - Kyle Okposo is hit by Lars Eller and loses puck.
18:29 of 1st period - Ryan Murray is hit by Adam Pelech and loses puck.
19:22 of 1st period - Minor Penalty to Adam Pelech for Boarding.
19:23 of 1st period - Tyler Seguin wins face-off versus Ondrej Palat in Sabres zone.
19:35 of 1st period - Tyler Seguin is hit by Joel Edmundson and loses puck.
19:51 of 1st period - Icing by Mike Matheson.
19:52 of 1st period - Lars Eller wins face-off versus Matt Duchene in MapleLeafs zone.
Goals for this period are 0 for MapleLeafs vs 0 for Sabres.
Shots for this period are 5 for MapleLeafs vs 17 for Sabres.

2nd period


0:01 of 2nd period - Lars Eller wins face-off versus Sebastian Aho in neutral zone.
0:49 of 2nd period - Ryan Murray is hit by Lars Eller.
1:07 of 2nd period - Shot by Ondrej Palat.
1:07 of 2nd period - Deflect By Joel Armia.
1:07 of 2nd period - Shot Misses the Net.
1:28 of 2nd period - Icing by Rasmus Dahlin.
1:29 of 2nd period - Nic Dowd wins face-off versus Jay Beagle in Sabres zone.
1:29 of 2nd period - Nic Dowd is hit by Dustin Brown.
1:53 of 2nd period - Shot by Michael Grabner.
1:53 of 2nd period - Deflect By Jimmy Vesey.
1:53 of 2nd period - Stopped by Braden Holtby without a rebound.
1:54 of 2nd period - Sebastian Aho wins face-off versus Tyler Seguin in MapleLeafs zone.
2:10 of 2nd period - Nikolaj Ehlers is hit by Mike Matheson and loses puck.
2:18 of 2nd period - Kevin Fiala is hit by Cody Ceci and loses puck.
2:33 of 2nd period - Shot by Tyler Seguin.
2:33 of 2nd period - Stopped by Braden Holtby without a rebound.
2:34 of 2nd period - Tyler Johnson wins face-off versus Elias Lindholm in MapleLeafs zone.
2:36 of 2nd period - Icing by Ryan Murray.
2:37 of 2nd period - Tyler Johnson wins face-off versus Ryan Nugent-Hopkins in MapleLeafs zone.
2:46 of 2nd period - Shot by Elias Lindholm.
2:46 of 2nd period - Shot Misses the Net.
2:56 of 2nd period - Shot by Dustin Brown.
2:56 of 2nd period - Stopped by Matt Murray without a rebound.
2:57 of 2nd period - Matt Duchene wins face-off versus Lars Eller in Sabres zone.
3:31 of 2nd period - Lars Eller is hit by Radko Gudas and loses puck.
3:56 of 2nd period - Shot by Jason Zucker.
3:56 of 2nd period - Shot Misses the Net.
4:06 of 2nd period - Shot by Jason Zucker.
4:06 of 2nd period - Shot Misses the Net.
4:08 of 2nd period - Shot by Jason Zucker.
4:08 of 2nd period - Stopped by Matt Murray without a rebound.
4:09 of 2nd period - Leon Draisaitl wins face-off versus Sebastian Aho in Sabres zone.
4:30 of 2nd period - Icing by Anton Stralman.
4:31 of 2nd period - Tyler Seguin wins face-off versus Sebastian Aho in MapleLeafs zone.
4:34 of 2nd period - Shot by Nikolaj Ehlers.
4:34 of 2nd period - Shot Blocked by Ryan Murray.
4:42 of 2nd period - Shot by Sebastian Aho.
4:42 of 2nd period - Shot Blocked by Tyler Seguin.
4:44 of 2nd period - Shot by Sebastian Aho.
4:44 of 2nd period - Deflect By Kyle Okposo.
4:44 of 2nd period - Goal by Kyle Okposo - MapleLeafs : 1 - Sabres : 0.
4:45 of 2nd period - Tyler Johnson wins face-off versus Leon Draisaitl in neutral zone.
4:45 of 2nd period - Dustin Brown is hit by Elias Lindholm and loses puck.
5:05 of 2nd period - Shot by Ryan Nugent-Hopkins.
5:05 of 2nd period - Stopped by Braden Holtby without a rebound.
5:06 of 2nd period - Tyler Seguin wins face-off versus Joel Armia in MapleLeafs zone.
5:27 of 2nd period - Shot by Matt Duchene.
5:27 of 2nd period - Shot Misses the Net.
5:29 of 2nd period - Shot by Anton Stralman.
5:29 of 2nd period - Stopped by Matt Murray with a rebound.
5:31 of 2nd period - Shot by Roope Hintz.
5:31 of 2nd period - Deflect By Joel Armia.
5:31 of 2nd period - Stopped by Matt Murray with a rebound.
5:59 of 2nd period - Shot by Jason Zucker.
5:59 of 2nd period - Deflect By Tyler Johnson.
5:59 of 2nd period - Shot Misses the Net.
6:08 of 2nd period - Rasmus Dahlin is hit by Mike Matheson and loses puck.
6:39 of 2nd period - Icing by Cody Ceci.
6:40 of 2nd period - Leon Draisaitl wins face-off versus Jason Zucker in MapleLeafs zone.
6:49 of 2nd period - Shot by Ryan Nugent-Hopkins.
6:49 of 2nd period - Stopped by Braden Holtby without a rebound.
6:50 of 2nd period - Lars Eller wins face-off versus Sebastian Aho in MapleLeafs zone.
6:50 of 2nd period - Lars Eller is hit by Anton Stralman.
7:14 of 2nd period - Shot by Sebastian Aho.
7:14 of 2nd period - Stopped by Matt Murray without a rebound.
7:15 of 2nd period - Matt Duchene wins face-off versus Leon Draisaitl in Sabres zone.
7:20 of 2nd period - Shot by Roope Hintz.
7:20 of 2nd period - Shot Misses the Net.
7:36 of 2nd period - Icing by Erik Gustafsson.
7:37 of 2nd period - Ryan Nugent-Hopkins wins face-off versus Sebastian Aho in Sabres zone.
8:08 of 2nd period - Icing by Ryan Murray.
8:09 of 2nd period - Lars Eller wins face-off versus Sebastian Aho in MapleLeafs zone.
8:12 of 2nd period - Shot by Luke Glendening.
8:12 of 2nd period - Shot Misses the Net.
8:21 of 2nd period - Lars Eller is hit by Anton Stralman and loses puck.
8:26 of 2nd period - Shot by Luke Glendening.
8:26 of 2nd period - Shot Blocked by Anton Stralman.
8:41 of 2nd period - Jonathan Drouin is hit by Anton Stralman and loses puck.
8:45 of 2nd period - Lars Eller is hit by Anton Stralman and loses puck.
9:01 of 2nd period - Nikolaj Ehlers is hit by Anton Stralman and loses puck.
9:10 of 2nd period - Shot by Tyler Seguin.
9:10 of 2nd period - Stopped by Braden Holtby without a rebound.
9:11 of 2nd period - Leon Draisaitl wins face-off versus Tyler Johnson in MapleLeafs zone.
9:28 of 2nd period - Shot by Dustin Brown.
9:28 of 2nd period - Shot Blocked by Adam Pelech.
10:15 of 2nd period - Shot by Joel Armia.
10:15 of 2nd period - Stopped by Matt Murray without a rebound.
10:16 of 2nd period - Tyler Seguin wins face-off versus Jay Beagle in Sabres zone.
10:18 of 2nd period - Icing by Kevin Fiala.
10:19 of 2nd period - Matt Duchene wins face-off versus Tyler Seguin in Sabres zone.
10:34 of 2nd period - Shot by Roope Hintz.
10:34 of 2nd period - Stopped by Matt Murray without a rebound.
10:35 of 2nd period - Jay Beagle wins face-off versus Lars Eller in Sabres zone.
10:56 of 2nd period - Shot by Luke Glendening.
10:56 of 2nd period - Shot Blocked by Mike Matheson.
10:58 of 2nd period - Shot by Dmitry Orlov.
10:58 of 2nd period - Stopped by Braden Holtby without a rebound.
10:59 of 2nd period - Tyler Seguin wins face-off versus Matt Duchene in MapleLeafs zone.
11:22 of 2nd period - Shot by Tyler Seguin.
11:22 of 2nd period - Shot Blocked by Anton Stralman.
11:22 of 2nd period - Anton Stralman from MapleLeafs is injured at 11:22 of 2nd period (Bruised Left Foot).
11:23 of 2nd period - Leon Draisaitl wins face-off versus Tyler Johnson in MapleLeafs zone.
11:42 of 2nd period - Shot by Elias Lindholm.
11:42 of 2nd period - Shot Misses the Net.
11:50 of 2nd period - Shot by Leon Draisaitl.
11:50 of 2nd period - Stopped by Braden Holtby with a rebound.
11:56 of 2nd period - Shot by Jason Zucker.
11:56 of 2nd period - Stopped by Matt Murray without a rebound.
11:57 of 2nd period - Sebastian Aho wins face-off versus Tyler Seguin in Sabres zone.
12:00 of 2nd period - Shot by Ondrej Palat.
12:00 of 2nd period - Stopped by Matt Murray with a rebound.
12:02 of 2nd period - Shot by Ryan Murray.
12:02 of 2nd period - Stopped by Matt Murray without a rebound.
12:03 of 2nd period - Sebastian Aho wins face-off versus Kevin Fiala in Sabres zone.
12:07 of 2nd period - Sebastian Aho is hit by Rasmus Dahlin and loses puck.
12:08 of 2nd period - Sebastian Aho from MapleLeafs is injured at 12:08 of 2nd period (Sprained Right Knee).
12:09 of 2nd period - Tyler Seguin wins face-off versus Ondrej Palat in Sabres zone.
12:09 of 2nd period - Nikolaj Ehlers is hit by Jay Beagle and loses puck.
13:15 of 2nd period - Icing by Rasmus Ristolainen.
13:16 of 2nd period - Leon Draisaitl wins face-off versus Matt Duchene in Sabres zone.
14:15 of 2nd period - Shot by Jonathan Drouin.
14:15 of 2nd period - Shot Misses the Net.
15:48 of 2nd period - Rasmus Dahlin is hit by Ondrej Palat and loses puck.
16:08 of 2nd period - Radko Gudas is hit by Elias Lindholm and loses puck.
16:15 of 2nd period - Shot by Elias Lindholm.
16:15 of 2nd period - Stopped by Braden Holtby with a rebound.
16:19 of 2nd period - Shot by Elias Lindholm.
16:19 of 2nd period - Goal by Elias Lindholm - MapleLeafs : 1 - Sabres : 1.
16:20 of 2nd period - Matt Duchene wins face-off versus Nic Dowd in neutral zone.
16:23 of 2nd period - Shot by Joel Armia.
16:23 of 2nd period - Shot Misses the Net.
16:40 of 2nd period - Icing by Dmitry Orlov.
16:41 of 2nd period - Nic Dowd wins face-off versus Jay Beagle in Sabres zone.
16:41 of 2nd period - Nic Dowd is hit by Ondrej Palat.
16:51 of 2nd period - Shot by Nic Dowd.
16:51 of 2nd period - Shot Blocked by Jay Beagle.
16:53 of 2nd period - Shot by Rasmus Ristolainen.
16:53 of 2nd period - Stopped by Braden Holtby with a rebound.
17:41 of 2nd period - Shot by Joel Armia.
17:41 of 2nd period - Shot Misses the Net.
17:43 of 2nd period - Shot by Joel Armia.
17:43 of 2nd period - Shot Blocked by Adam Pelech.
17:45 of 2nd period - Shot by Roope Hintz.
17:45 of 2nd period - Shot Misses the Net.
18:05 of 2nd period - Shot by Jason Zucker.
18:05 of 2nd period - Stopped by Matt Murray without a rebound.
18:06 of 2nd period - Jay Beagle wins face-off versus Tyler Seguin in Sabres zone.
18:15 of 2nd period - Shot by Tyler Seguin.
18:15 of 2nd period - Stopped by Braden Holtby without a rebound.
18:16 of 2nd period - Tyler Johnson wins face-off versus Lars Eller in MapleLeafs zone.
18:30 of 2nd period - Ondrej Palat is hit by Luke Glendening and loses puck.
19:24 of 2nd period - Shot by Kevin Fiala.
19:24 of 2nd period - Goal by Kevin Fiala - MapleLeafs : 1 - Sabres : 2.
19:25 of 2nd period - Leon Draisaitl wins face-off versus Jay Beagle in neutral zone.
Goals for this period are 1 for MapleLeafs vs 2 for Sabres.
Shots for this period are 12 for MapleLeafs vs 12 for Sabres.

3rd period


0:01 of 3rd period - Tyler Seguin wins face-off versus Tyler Johnson in neutral zone.
0:06 of 3rd period - Mike Matheson is hit by Tyler Seguin and loses puck.
0:29 of 3rd period - Shot by Tyler Seguin.
0:29 of 3rd period - Stopped by Braden Holtby without a rebound.
0:30 of 3rd period - Leon Draisaitl wins face-off versus Jay Beagle in MapleLeafs zone.
0:49 of 3rd period - Shot by Ryan Nugent-Hopkins.
0:49 of 3rd period - Stopped by Braden Holtby with a rebound.
1:14 of 3rd period - Shot by Leon Draisaitl.
1:14 of 3rd period - Deflect By Ryan Nugent-Hopkins.
1:14 of 3rd period - Stopped by Braden Holtby with a rebound.
1:40 of 3rd period - Shot by Lars Eller.
1:40 of 3rd period - Shot Blocked by Kyle Okposo.
1:57 of 3rd period - Shot by Jonathan Drouin.
1:57 of 3rd period - Stopped by Braden Holtby without a rebound.
1:58 of 3rd period - Tyler Johnson wins face-off versus Tyler Seguin in MapleLeafs zone.
2:15 of 3rd period - Dustin Brown is hit by Adam Pelech and loses puck.
2:26 of 3rd period - Shot by Jason Zucker.
2:26 of 3rd period - Stopped by Matt Murray without a rebound.
2:27 of 3rd period - Leon Draisaitl wins face-off versus Matt Duchene in Sabres zone.
3:01 of 3rd period - Off-side.
3:02 of 3rd period - Tyler Seguin wins face-off versus Tyler Johnson in neutral zone.
4:19 of 3rd period - Kyle Okposo is hit by Tyler Seguin and loses puck.
4:32 of 3rd period - Shot by Ryan Nugent-Hopkins.
4:32 of 3rd period - Shot Misses the Net.
4:40 of 3rd period - Shot by Leon Draisaitl.
4:40 of 3rd period - Stopped by Braden Holtby with a rebound.
4:42 of 3rd period - Shot by Rasmus Ristolainen.
4:42 of 3rd period - Stopped by Braden Holtby without a rebound.
4:43 of 3rd period - Lars Eller wins face-off versus Tyler Johnson in MapleLeafs zone.
4:46 of 3rd period - Shot by Lars Eller.
4:46 of 3rd period - Stopped by Braden Holtby without a rebound.
4:47 of 3rd period - Leon Draisaitl wins face-off versus Tyler Johnson in MapleLeafs zone.
5:09 of 3rd period - Ryan Nugent-Hopkins is hit by Ryan Murray and loses puck.
5:24 of 3rd period - Shot by Elias Lindholm.
5:24 of 3rd period - Shot Misses the Net.
5:26 of 3rd period - Shot by Elias Lindholm.
5:26 of 3rd period - Shot Misses the Net.
5:47 of 3rd period - Lars Eller is hit by Chris Tanev and loses puck.
5:55 of 3rd period - Jonathan Drouin is hit by Chris Tanev and loses puck.
6:00 of 3rd period - Shot by Luke Glendening.
6:00 of 3rd period - Stopped by Braden Holtby with a rebound.
6:02 of 3rd period - Shot by Luke Glendening.
6:02 of 3rd period - Goal by Luke Glendening - MapleLeafs : 1 - Sabres : 3.
6:03 of 3rd period - Nic Dowd wins face-off versus Jay Beagle in neutral zone.
6:34 of 3rd period - Shot by Michael Grabner.
6:34 of 3rd period - Shot Misses the Net.
7:07 of 3rd period - Icing by Erik Gustafsson.
7:08 of 3rd period - Matt Duchene wins face-off versus Tyler Seguin in Sabres zone.
7:20 of 3rd period - Tyler Seguin is hit by Joel Edmundson and loses puck.
7:26 of 3rd period - Icing by Joel Edmundson.
7:27 of 3rd period - Matt Duchene wins face-off versus Leon Draisaitl in MapleLeafs zone.
7:34 of 3rd period - Shot by Matt Duchene.
7:34 of 3rd period - Shot Blocked by Dmitry Orlov.
7:37 of 3rd period - Icing by Dmitry Orlov.
7:38 of 3rd period - Leon Draisaitl wins face-off versus Tyler Johnson in Sabres zone.
8:03 of 3rd period - Shot by Tyler Johnson.
8:03 of 3rd period - Stopped by Matt Murray without a rebound.
8:04 of 3rd period - Jay Beagle wins face-off versus Kevin Fiala in Sabres zone.
8:09 of 3rd period - Shot by Kyle Okposo.
8:09 of 3rd period - Deflect By Ondrej Palat.
8:09 of 3rd period - Stopped by Matt Murray without a rebound.
8:10 of 3rd period - Jay Beagle wins face-off versus Tyler Seguin in Sabres zone.
8:15 of 3rd period - Shot by Ondrej Palat.
8:15 of 3rd period - Shot Misses the Net.
8:17 of 3rd period - Shot by Ondrej Palat.
8:17 of 3rd period - Goal by Ondrej Palat - MapleLeafs : 2 - Sabres : 3.
8:18 of 3rd period - Jay Beagle wins face-off versus Leon Draisaitl in neutral zone.
9:21 of 3rd period - Chris Tanev is hit by Tyler Seguin and loses puck.
10:20 of 3rd period - Shot by Jonathan Drouin.
10:20 of 3rd period - Stopped by Braden Holtby with a rebound.
10:43 of 3rd period - Icing by Lars Eller.
10:44 of 3rd period - Lars Eller wins face-off versus Dustin Brown in Sabres zone.
11:22 of 3rd period - Icing by Lars Eller.
11:23 of 3rd period - Lars Eller wins face-off versus Matt Duchene in Sabres zone.
11:50 of 3rd period - Shot by Joel Armia.
11:50 of 3rd period - Shot Blocked by Lars Eller.
12:15 of 3rd period - Off-side.
12:16 of 3rd period - Leon Draisaitl wins face-off versus Tyler Johnson in neutral zone.
13:07 of 3rd period - Dustin Brown is hit by Kris Letang.
13:16 of 3rd period - Mike Matheson is hit by Kris Letang and loses puck.
13:45 of 3rd period - Shot by Jay Beagle.
13:45 of 3rd period - Stopped by Matt Murray with a rebound.
13:51 of 3rd period - Cody Ceci is hit by Tyler Seguin and loses puck.
14:04 of 3rd period - Shot by Kevin Fiala.
14:04 of 3rd period - Stopped by Braden Holtby without a rebound.
14:05 of 3rd period - Nic Dowd wins face-off versus Matt Duchene in MapleLeafs zone.
14:53 of 3rd period - Off-side.
14:54 of 3rd period - Tyler Seguin wins face-off versus Dustin Brown in neutral zone.
15:32 of 3rd period - Off-side.
15:33 of 3rd period - Tyler Johnson wins face-off versus Leon Draisaitl in neutral zone.
15:51 of 3rd period - Elias Lindholm is hit by Radko Gudas and loses puck.
16:52 of 3rd period - Shot by Matt Duchene.
16:52 of 3rd period - Stopped by Matt Murray without a rebound.
16:53 of 3rd period - Tyler Seguin wins face-off versus Jay Beagle in Sabres zone.
17:04 of 3rd period - Shot by Tyler Seguin.
17:04 of 3rd period - Stopped by Braden Holtby without a rebound.
17:05 of 3rd period - Matt Duchene wins face-off versus Lars Eller in MapleLeafs zone.
17:07 of 3rd period - Roope Hintz is hit by Lars Eller and loses puck.
17:26 of 3rd period - Shot by Matt Duchene.
17:26 of 3rd period - Deflect By Joel Armia.
17:26 of 3rd period - Shot Blocked by Dmitry Orlov.
17:28 of 3rd period - Shot by Matt Duchene.
17:28 of 3rd period - Stopped by Matt Murray with a rebound.
17:30 of 3rd period - Shot by Chris Tanev.
17:30 of 3rd period - Stopped by Matt Murray without a rebound.
17:31 of 3rd period - Tyler Seguin wins face-off versus Jay Beagle in Sabres zone.
17:55 of 3rd period - Jesper Bratt is hit by Adam Pelech and loses puck.
18:47 of 3rd period - Icing by Jesper Bratt.
18:48 of 3rd period - Lars Eller wins face-off versus Jay Beagle in MapleLeafs zone.
18:54 of 3rd period - Dustin Brown is hit by Dmitry Orlov and loses puck.
19:07 of 3rd period - Shot by Luke Glendening.
19:07 of 3rd period - Deflect By Jonathan Drouin.
19:07 of 3rd period - Stopped by Braden Holtby with a rebound.
19:09 of 3rd period - Shot by Lars Eller.
19:09 of 3rd period - Stopped by Braden Holtby with a rebound.
19:19 of 3rd period - Shot by Luke Glendening.
19:19 of 3rd period - Stopped by Braden Holtby without a rebound.
19:20 of 3rd period - Lars Eller wins face-off versus Jason Zucker in MapleLeafs zone.
19:40 of 3rd period - MapleLeafs, Braden Holtby is pulled from the net.
19:51 of 3rd period - Icing by Chris Tanev.
19:52 of 3rd period - Braden Holtby from MapleLeafs was sent back in the game.
19:52 of 3rd period - Kyle Okposo wins face-off versus Ryan Nugent-Hopkins in MapleLeafs zone.
19:52 of 3rd period - Kyle Okposo is hit by Elias Lindholm.
Goals for this period are 1 for MapleLeafs vs 1 for Sabres.
Shots for this period are 8 for MapleLeafs vs 15 for Sabres.